 Dungeon Crawl Stone Soup version 0.31-a0-1002-g8e65716e6e (webtiles) character file.

Game seed: 4699805102872160346

80 BinkBink the Shield-Bearer (level 4, -2/31 HPs)
             Began as an Octopode Fighter on Nov 10, 2023.
             Slain by a gnoll
             ... wielding a +0 spear
             ... led by a gnoll bouda
              (10 damage)
             ... on level 3 of the Dungeon.
             The game lasted 00:02:30 (2301 turns).

BinkBink the Shield-Bearer (Octopode Fighter)       Turns: 2301, Time: 00:02:30

Health: -2/31      AC:  1    Str: 17    XL:     4   Next: 39%
Magic:  4/4        EV: 13    Int: 10    God:
Gold:   164        SH:  4    Dex: 11    Spells: 3/3 levels left

rFire   . .          .
                       - Unarmed
rCold   . . .        a - +0 buckler
rNeg    . . .        (helmet currently unavailable)
rPois   .            (no amulet)
rElec   .            (no ring)
rCorr   .            (no ring)
SInv    .            (no ring)
Will    .....        (no ring)
Stlth   ++           (no ring)
HPRegen 0.25/turn    (no ring)
MPRegen 0.09/turn    (no ring)
                     (no ring)

%: no passive effects
@: beast-form
A: beast (slay +0), almost no armour, amphibious, 8 rings, camouflage 1,
gelatinous body 1, (nimble swimmer 1), tentacles
a: Begin Untransformation


You were on level 3 of the Dungeon.
You were a hulking beast.
You visited 1 branch of the dungeon, and saw 3 of its levels.

You collected 164 gold pieces.

Inventory:

Armour
 a - a +0 buckler (worn)
Magical Staves
 k - a staff of conjuration
Jewellery
 e - an amulet of magic regeneration
Talismans
 n - a serpent talisman
 o - a beast talisman (active)
Scrolls
 c - a scroll of teleportation {unknown}
 d - a scroll of brand weapon {unknown}
 f - 5 scrolls of identify {unknown}
 h - a scroll of fog {unknown}
 j - a scroll of poison {unknown}
 l - a scroll of vulnerability {unknown}
 m - a scroll of summoning {unknown}
Potions
 b - a potion of might
 g - a potion of ambrosia {unknown}
 i - 2 potions of curing {unknown}
 p - a potion of invisibility {unknown}
 q - a potion of haste {unknown}


   Skills:
 + Level 3.5 Fighting
 + Level 3.6 Dodging
 + Level 3.6 Shields
 + Level 2.7 Unarmed Combat
 + Level 0.1 Shapeshifting


You had 3 spell levels left.
You didn't know any spells.
Your spell library contained the following spells:

 Spells                   Type           Power      Damage    Failure   Level
 Summon Small Mammal      Summ           0%         N/A       43%         1
 Call Canine Familiar     Summ           0%         N/A       82%         3
 Summon Guardian Golem    Hex/Summ       0%         N/A       82%         3


Dungeon Overview and Level Annotations

Branches:
Dungeon (3/15)

Altars:

Portals:
Abyss: D:3

Annotations:
D:3 2 runed translucent doors


Innate Abilities, Weirdness & Mutations

You are a hulking beast.
Your limbs bulge with bestial killing power. (Slay +0)
You cannot wear most types of armour.
You are amphibious.
You can wear up to eight rings at the same time.
Your skin changes colour to match your surroundings (Stealth+).
Your rubbery body absorbs attacks. (AC +1, EV +1)
((You are camouflaged when in or above water. (Stealth+)))
You have tentacles for arms and can constrict up to eight enemies at once.


Message History

Found 5 stones.
The kobold shouts! x2
The kobold shouts!
Found an escape hatch in the ceiling.
Found a ring mail.
p - a sedimented black potion
q - a fizzy blue potion You see here a +0 ring mail.
You now have 164 gold pieces (gained 7).
You open the door.
There is an open door here.
Found a stone staircase leading up.
A gnoll comes into view. It is wielding a +0 spear.
The gnoll shouts!
You hear a shout!
The gnoll moves out of view.
A gnoll bouda comes into view. It is wielding a +0 whip.
There are monsters nearby!
There are monsters nearby!
A gnoll comes into view. It is wielding a +0 spear.
A gnoll is nearby!
The gnoll hits you from afar with a +0 spear!
The gnoll hits you with a +0 spear!
You tentacle-slap the gnoll but do no damage.
You grab the gnoll. You constrict the gnoll.
The gnoll hits you with a +0 spear!
* * * LOW HITPOINT WARNING * * *
You tentacle-slap the gnoll.
The gnoll is lightly wounded.
You constrict the gnoll.
A gnoll comes into view. It is wielding a +0 club.
The gnoll shouts!
You tentacle-slap the gnoll. You squeeze the gnoll.
You kill the gnoll!
The gnoll barely misses you. The gnoll attacks as it pursues you!
The gnoll misses you. The gnoll attacks as it pursues you!
You block the gnoll's attack.
There is an open door here.
The gnoll attacks as it pursues you!
The gnoll hits you from afar with a +0 spear!
You die...

#...............#
#.....########.## #.....#
#... #.....# ######## ######
###.....#####.... ......
#.......<......# #.....
#..............# ...<#
#..............# ....#g.
#........[..h..#######.......
#############'###.......#..#
#.g.)..g.......#
#####.##.......# #.#...#....#
#.......#..# ####..#.#..#
.....# .# ###### #


You could see a gnoll.

Vanquished Creatures
  A gnoll (D:3)
  An adder (D:2)
  3 dart slugs
  4 orcs (D:2)
  2 bats (D:1)
  6 endoplasms (D:1)
  A giant cockroach (D:3)
  3 goblins
  6 hobgoblins
  6 kobolds
  4 quokkas
  4 ball pythons
  3 frilled lizards
  5 rats (D:1)
49 creatures vanquished.

Notes
Turn   | Place    | Note
-------+----------+-------------------------------------------
     0 | D:1      | BinkBink the Octopode Fighter began the quest for the Orb.
     0 | D:1      | Reached XP level 1. HP: 16/16 MP: 1/1
   158 | D:1      | Reached XP level 2. HP: 21/21 MP: 2/2
   393 | D:1      | Reached XP level 3. HP: 5/26 MP: 3/3
  1530 | D:2      | Reached XP level 4. HP: 28/31 MP: 4/4
  1965 | D:3      | Found a large runed translucent door.
  1965 | D:3      | Found a large runed translucent door.
  2249 | D:3      | Found a one-way gate to the infinite horrors of the Abyss.
  2301 | D:3      | Slain by a gnoll

Illustrated notes

Levels and vault maps discovered:
D:1:      erik_arrival_cave_to_civilisation [erik_arrival_cave_to_hall],
          layout_loops_ring, minmay_bisected
D:2:      layout_basic, minmay_misc_feat_roman
D:3:      due_chaos_kobolds, layout_basic, basic_ecumenical_altar, st_stairs_7

Action                     |  1- 3 |  4- 6 || total
---------------------------+-------+-------++-------
  Melee: Unarmed           |    90 |    17 ||   107
         Constrict         |    25 |     5 ||    30
         Tentacles         |    16 |     4 ||    20
         Punch             |     2 |     1 ||     3
   Stab: Sleeping          |     5 |     3 ||     8
         Distracted        |     1 |       ||     1
 Armour: Skin              |    33 |     8 ||    41
  Dodge: Dodged            |    31 |     6 ||    37
  Block: Buckler           |    14 |     2 ||    16
   Form: Beast             |       |     1 ||     1

Table legend: (Time is in decaauts)
 A = Elapsed time spent in this place.
 B = Non-inter-level travel time spent in this place.
 C = Inter-level travel time spent in this place.
 D = Time resting spent in this place.
 E = Time spent auto-exploring this place.
 F = Levels seen in this place.
 G = Mean time per level.
                   A        B        C        D        E       F      G
               +--------+--------+--------+--------+--------+-----+--------+
         Total |   2300 |   2162 |    138 |     84 |   1751 |   3 |  766.7 |
       Dungeon |   2300 |   2162 |    138 |     84 |   1751 |   3 |  766.7 |
               +--------+--------+--------+--------+--------+-----+--------+

Top non-repeatable levels by time:
     D:1: 1069 daAuts
     D:2: 711 daAuts
     D:3: 519 daAuts
